 Dungeon Crawl Stone Soup version 0.23.1-44-gbd83930989 (webtiles) character file.

Game seed: 3589149723554609055

433 PentaManta the Slasher (level 7, -2/46 HPs)
             Began as an Octopode Fighter on Mar 30, 2019.
             Was an Initiate of Dithmenos.
             Slain by a water moccasin (8 damage)
             ... on level 5 of the Dungeon.
             The game lasted 00:09:58 (5567 turns).

PentaManta the Slasher (Octopode Fighter)           Turns: 5567, Time: 00:09:59

Health: -2/46      AC:  1    Str: 15      XL:     7   Next: 0%
Magic:  7/7        EV: 12    Int: 10      God:    Dithmenos [......]
Gold:   67         SH:  8    Dex: 12 (14) Spells: 6/6 levels left

rFire    . . .     SeeInvis .   a - +0 long sword
rCold    + . .     Gourm    .   b - +0 shield
rNeg     . . .     Faith    .   (helmet restricted)
rPois    .         Spirit   .   (no amulet)
rElec    .         Reflect  .   g - ring of protection from cold
rCorr    .         Harm     .   k - ring of protection from magic
MR       +....                  (no ring)
Stlth    ++++......             (no ring)
HPRegen  0.15/turn              (no ring)
MPRegen  0.10/turn              (no ring)
                                (no ring)
                                (no ring)

@: lethally poisoned (-2 -> -9)
A: almost no armour, stealthy swim, amphibious, 8 rings, constrict 8, camouflage
1, gelatinous body 1
a: Renounce Religion


You were on level 5 of the Dungeon.
You worshipped Dithmenos.
Dithmenos was noncommittal.
You were not hungry.

You visited 1 branch of the dungeon, and saw 5 of its levels.

You collected 156 gold pieces.
You spent 89 gold pieces at shops.

Inventory:

Hand Weapons
 a - a +0 long sword (weapon)
Armour
 b - a +0 shield (worn)
Jewellery
 g - a ring of protection from cold (left tentacle)
 k - a ring of protection from magic (right tentacle)
Wands
 f - a wand of iceblast (11)
 r - a wand of acid (14)
 s - a wand of digging (6)
Scrolls
 e - 4 scrolls of teleportation
 m - 3 scrolls of remove curse
 o - a scroll of magic mapping
 q - a scroll of blinking
Potions
 c - a potion of might
 h - a potion of mutation
 i - a potion of agility
 j - 2 potions of cancellation
 t - a potion of resistance
 u - a potion of curing
 v - a potion of haste
Comestibles
 d - 6 rations


   Skills:
 - Level 3.0 Fighting
 * Level 5.3 Long Blades
 + Level 4.5 Dodging
 + Level 4.7 Stealth
 - Level 3.0 Shields


You had 6 spell levels left.
You didn't know any spells.
Your spell library was empty.

Dungeon Overview and Level Annotations

Branches:
Dungeon (5/15)
 Temple: D:4-7

Altars:
Dithmenos
Qazlal

Shops:
D:4 *

Annotations:
D:4 Edmund
D:5 Blork the orc


Innate Abilities, Weirdness & Mutations

You cannot wear most types of armour.
You are very stealthy in the water. (Stealth+)
You are amphibious.
You can wear up to eight rings at the same time.
You can use your tentacles to constrict eight enemies at once.
Your skin changes colour to match your surroundings (Stealth+).
Your rubbery body absorbs attacks. (AC +1, EV +1)


Message History

* * * LOW HITPOINT WARNING * * *
You hit the water moccasin. Your grab misses the water moccasin.
Your squeeze misses the water moccasin.
The water moccasin is moderately wounded.
* * * LOW HITPOINT WARNING * * *
You feel sick. The water moccasin closely misses you.
You riposte.
You completely miss the water moccasin. Your grab misses the water moccasin.
You squeeze the water moccasin.
The water moccasin is moderately wounded.
The orc hits you with a +0 club.
* * * LOW HITPOINT WARNING * * *
You block the water moccasin's attack.
You slash the orc wizard! Your grab misses the orc wizard.
The orc wizard is heavily wounded.
* * * LOW HITPOINT WARNING * * *
You feel sick. You block the water moccasin's attack.
The orc wizard gestures wildly while chanting.
The orc wizard blinks!
You block the orc's attack. The water moccasin bites you!
You die...

# #....[..##...# ..
#.. ....... .##.##
#......#
......##)......#
#...........# #.
#........
#.##.#..##..
###.[..oS##
#......@##
#.#..#)ยง#
.##..#....##
######.#..##....###
.........#........#
...........#......#
..........##......#
.........# #......#
....)....# #....).#
#


You could see a water moccasin and an orc.

Vanquished Creatures
  2 jellies (D:2)
  A hound (D:4)
  A quasit (D:5)
  An iguana (D:4)
  Terence (D:3)
  An orc wizard (D:5)
  A worker ant (D:5)
  A worker ant zombie (D:5)
  5 adders
  A shadow imp (D:4)
  10 oozes
  A worm (D:4)
  4 dart slugs
  2 leopard geckos
  6 orcs
  10 goblins
  6 hobgoblins
  6 jackals
  2 ball pythons
  10 bats
  4 frilled lizards
  13 kobolds
  A leopard gecko skeleton (D:4)
  5 rats
95 creatures vanquished.

Vanquished Creatures (others)
  8 fungi (D:2)
  5 toadstools (D:2)
13 creatures vanquished.

Grand Total: 108 creatures vanquished

Notes
Turn   | Place    | Note
-------+----------+-------------------------------------------
     0 | D:1      | PentaManta the Octopode Fighter began the quest for the
                  | Orb.
     0 | D:1      | Reached XP level 1. HP: 16/16 MP: 1/1
   100 | D:1      | Reached skill level 1 in Stealth
   100 | D:1      | Reached XP level 2. HP: 10/21 MP: 2/2
   544 | D:1      | Reached XP level 3. HP: 26/26 MP: 3/3
  1135 | D:2      | Reached skill level 3 in Long Blades
  1305 | D:2      | Reached XP level 4. HP: 17/31 MP: 4/4
  2036 | D:2      | Found a stormy altar of Qazlal.
  2434 | D:2      | Reached XP level 5. HP: 20/36 MP: 5/5
  2642 | D:2      | Reached skill level 4 in Long Blades
  3185 | D:3      | Found a shadowy altar of Dithmenos.
  3293 | D:3      | Became a worshipper of Dithmenos the Shadowed
  3539 | D:3      | Noticed Terence
  3551 | D:3      | Killed Terence
  3551 | D:3      | Reached XP level 6. HP: 21/42 MP: 6/6
  4170 | D:4      | Found Huka's Assorted Antiques.
  4178 | D:4      | Bought a scroll labeled MIBLIDD JELL for 23 gold pieces
  4178 | D:4      | Bought a black potion for 20 gold pieces
  4178 | D:4      | Bought a scroll labeled KYAXOA TARO for 23 gold pieces
  4178 | D:4      | Bought a scroll labeled ZERIMPE OCVUX for 23 gold pieces
  4522 | D:4      | Noticed Edmund
  4925 | D:5      | Entered Level 5 of the Dungeon
  4938 | D:5      | Noticed a water moccasin
  5210 | D:5      | Reached skill level 5 in Long Blades
  5512 | D:5      | Noticed Blork the orc
  5563 | D:5      | Reached XP level 7. HP: 38/46 MP: 7/7
  5567 | D:5      | Slain by a water moccasin

Skill      XL: |  1  2  3  4  5  6 |
---------------+-------------------+-----
Stealth        | 1 2 3 4 |  4.7
Long Blades    | 3 4 5 |  5.3
Dodging        | 4 |  4.5
Fighting       | |  3.0
Shields        | |  3.0

Action                   |  1- 3 |  4- 6 |  7- 9 || total
-------------------------+-------+-------+-------++-------
Melee: Long sword        |    60 |   133 |     4 ||   197
       Tentacles         |     8 |    25 |     1 ||    34
       Constrict         |    18 |    27 |       ||    45
  Use: Scroll            |       |    12 |       ||    12
 Stab: Sleeping          |     7 |    10 |       ||    17
  Eat: Chunk             |     1 |     7 |       ||     8
       Ration            |       |     2 |       ||     2
Armor: Skin              |     3 |    10 |       ||    13
Dodge: Dodged            |    41 |    77 |     2 ||   120
Block: Shield            |    38 |    57 |     6 ||   101
       Rpst.: Long sword |    13 |    21 |     1 ||    35
